 Dungeon Crawl Stone Soup version 0.29.0-15-g675c0067aa (webtiles) character file.

Game seed: 14869383515254078996

89 qw the Chopper (level 4, 0/28 HPs)
             Began as a Gargoyle Fighter on Sept 12, 2022.
             Slain by a gnoll
             ... wielding a +4 flail
              (9 damage)
             ... on level 3 of the Dungeon.
             The game lasted 00:00:49 (2370 turns).

qw the Chopper (Gargoyle Fighter)                   Turns: 2370, Time: 00:00:50

Health: 0/28       AC: 11    Str: 22    XL:     4   Next: 55%
Magic:  4/4        EV:  9    Int:  8    God:
Gold:   97         SH:  4    Dex:  9    Spells: 3/3 levels left

rFire   . . .      SeeInvis .   Y - +0 war axe
rCold   . . .      Faith    .   c - +0 buckler
rNeg    + . .      Spirit   .   b - +0 scale mail
rPois   inf        Reflect  .   e - +0 helmet
rElec   +          Harm     .   (no cloak)
rCorr   .          Rampage  .   (no gloves)
Will    .....                   (no boots)
Stlth   ..........              (no amulet)
HPRegen 0.09/turn               (no ring)
MPRegen 0.09/turn               (no ring)

@: no status effects
A: sickness immunity, AC +3, negative energy resistance 1, electricity
resistance, torment resistance 1, petrification resistance
a: no special abilities


You were on level 3 of the Dungeon.
You visited 1 branch of the dungeon, and saw 3 of its levels.

You collected 97 gold pieces.


Innate Abilities, Weirdness & Mutations

You are immune to sickness and miasma.
Your stone body is resilient. (AC +3)
You are immune to poison.
You resist negative energy. (rN+)
You are resistant to electric shocks. (rElec)
You are resistant to unholy torment.
You are immune to petrification.


   Skills:
 - Level 3.2 Fighting
 + Level 4.2 Axes
 - Level 3.2 Armour
 - Level 3.2 Shields


You had 3 spell levels left.
You didn't know any spells.
Your spell library was empty.

Inventory:

Hand Weapons
 j - a +0 whip
 Y - a +0 war axe (weapon)
Armour
 b - a +0 scale mail (worn)
 c - a +0 buckler (worn)
 e - a +0 helmet (worn)
Scrolls
 h - a scroll of identify
Potions
 a - a potion of curing
 d - a potion of might
 f - a potion of mutation
 g - a potion of cancellation {unknown}
 i - a potion of degeneration {unknown}
 l - a potion of heal wounds {unknown}

Dungeon Overview and Level Annotations

Branches:
Dungeon (3/15)

Altars:


Message History

The gnoll is moderately wounded.
The gnoll closely misses you.
You closely miss the gnoll.
The gnoll is moderately wounded.
The gnoll hits you but does no damage.
You slash the gnoll!
The gnoll is almost dead.
The gnoll barely misses you. x2
You closely miss the gnoll.
The gnoll is almost dead.
The gnoll hits you with a +0 spear. The gnoll hits you but does no damage.
You hit the gnoll.
You kill the gnoll!
You block the gnoll's attack.
You barely miss the gnoll.
The gnoll hits you but does no damage. x2; The gnoll barely misses you.
You barely miss the gnoll. The gnoll hits you but does no damage.
The gnoll barely misses you.
You hit the gnoll.
The gnoll is lightly wounded.
The gnoll hits you but does no damage. x2
You closely miss the gnoll.
The gnoll is lightly wounded.
The gnoll hits you but does no damage. The gnoll barely misses you.
The gnoll closely misses you.
The gnoll hits you from afar with a +0 spear.
You closely miss the gnoll.
The gnoll is lightly wounded.
The gnoll hits you but does no damage. The gnoll closely misses you.
You slash the gnoll!
The gnoll is almost dead.
The gnoll completely misses you. The gnoll hits you but does no damage.
You hit the gnoll.
You kill the gnoll!
The gnoll hits you but does no damage. You block the gnoll's attack.
The gnoll hits you with a +4 flail!
You slash the gnoll!
The gnoll is severely wounded.
The gnoll hits you with a +4 flail!
You die...

#.##... #.#....
##.#.... ###
##....... #
##.#######.#.#....
#.
#.................
#..
##.###.###.#.#.#..
#...##.###.#
##...####
#...g@..##.#
##......
#..g##.###>#
####### ##. ###
#.# ### # #.# ..#
#.# #.# #.# #.#
#.## #.# #..# #.#
###.####.# #.#


You could see 2 gnolls.

Vanquished Creatures
  An adder (D:2)
  3 gnolls
  A worm (D:2)
  2 dart slugs
  7 bats
  5 endoplasms
  A giant cockroach (D:1)
  3 goblins
  4 hobgoblins (D:2)
  3 quokkas
  8 ball pythons
  A frilled lizard (D:1)
  2 kobolds
  4 rats
45 creatures vanquished.

Notes
Turn   | Place    | Note
-------+----------+-------------------------------------------
     0 | D:1      | qw the Gargoyle Fighter began the quest for the Orb.
     0 | D:1      | Reached XP level 1. HP: 14/14 MP: 1/1
     0 | D:1      | 0 ||| qw: Version: 0.1-a-119-g272c26d
     0 | D:1      | 0 ||| qw: Game counter: 10864
     0 | D:1      | 0 ||| qw: Always use a shield: true
     0 | D:1      | 0 ||| qw: God list: Okawaru
     0 | D:1      | 0 ||| qw: Allow faded altars: false
     0 | D:1      | 0 ||| qw: Do Orc after D:15 true
     0 | D:1      | 0 ||| qw: Do second Lair branch before Depths: true
     0 | D:1      | 0 ||| qw: Lair rune preference: random
     0 | D:1      | 0 ||| qw: Plans: Normal, Zot, God:TSO, Crypt, Tomb, Pan,
                  | Slime, Hells, Zig, Abyss, Orb
     0 | D:1      | 0 ||| PLANNING D:1-11
    58 | D:1      | Reached skill level 2 in Axes
   279 | D:1      | Reached XP level 2. HP: 19/19 MP: 2/2
   607 | D:1      | Reached skill level 3 in Axes
   693 | D:1      | 693 ||| Stepping ~*~*~tactically~*~*~ (hiding).
   695 | D:1      | 695 ||| Stepping ~*~*~tactically~*~*~ (hiding).
   708 | D:1      | Reached XP level 3. HP: 20/23 MP: 3/3
   873 | D:1      | 873 ||| Stepping ~*~*~tactically~*~*~ (stealth).
  1197 | D:1      | 1197 ||| READING scroll labelled ABYXIPSOBB.
  1198 | D:1      | 1198 ||| READING 2 scrolls labelled MAF VOH RETIWE.
  1199 | D:1      | 1199 ||| READING 2 scrolls labelled YNWO PUWEPNAOMAPP.
  1200 | D:1      | 1200 ||| READING scroll labelled ESUOGU COPICK.
  1204 | D:1      | 1204 ||| DROPPING scroll of fear.
  1231 | D:2      | 1231 ||| STAIRDANCE
  1244 | D:2      | 1244 ||| STAIRDANCE
  1631 | D:2      | 1631 ||| Stepping ~*~*~tactically~*~*~ (stealth).
  1644 | D:2      | 1644 ||| Stepping ~*~*~tactically~*~*~ (stealth).
  1646 | D:2      | 1646 ||| Stepping ~*~*~tactically~*~*~ (stealth).
  1649 | D:2      | 1649 ||| FLEEEEING.
  1650 | D:2      | 1650 ||| FLEEEEING.
  1651 | D:2      | 1651 ||| FLEEEEING.
  1652 | D:2      | 1652 ||| FLEEEEING.
  1653 | D:2      | 1653 ||| FLEEEEING.
  1654 | D:2      | 1654 ||| FLEEEEING.
  1655 | D:2      | 1655 ||| FLEEEEING.
  1674 | D:2      | 1674 ||| FLEEEEING.
  1675 | D:2      | 1675 ||| FLEEEEING.
  1676 | D:2      | 1676 ||| FLEEEEING.
  1693 | D:2      | 1693 ||| FLEEEEING.
  1698 | D:2      | 1698 ||| FLEEEEING.
  1699 | D:2      | 1699 ||| FLEEEEING.
  1700 | D:2      | 1700 ||| FLEEEEING.
  1703 | D:2      | 1703 ||| STAIRDANCE
  1768 | D:1      | 1768 ||| UPGRADING to +0 helmet.
  1773 | D:1      | 1773 ||| DROPPING ring of wizardry.
  1794 | D:2      | Reached XP level 4. HP: 26/28 MP: 4/4
  1794 | D:2      | 1794 ||| Stepping ~*~*~tactically~*~*~ (stealth).
  1795 | D:2      | 1795 ||| Stepping ~*~*~tactically~*~*~ (stealth).
  2015 | D:2      | 2015 ||| Stepping ~*~*~tactically~*~*~ (hiding).
  2016 | D:2      | 2016 ||| Stepping ~*~*~tactically~*~*~ (hiding).
  2210 | D:2      | 2210 ||| DRINKING 2 viscous clear potions.
  2211 | D:2      | 2211 ||| READING 2 scrolls of identify.
  2211 | D:2      | 2211 ||| IDENTIFYING yellow potion
  2339 | D:3      | Reached skill level 4 in Axes
  2370 | D:3      | Slain by a gnoll

Levels and vault maps discovered:
D:1:      dpeg_arrival_pond, layout_loops_ring, st_stairs_11,
          minmay_tromino_v4_c
D:2:      layout_rooms, nicolae_kite_square_tiling_tiny,
          kennysheep_cross_bottleneck
D:3:      layout_loops_ring, hellmonk_ecumenical_altar_arch_garden,
          serial_shops, shop

Skill      XL: |  1  2  3  4 |
---------------+-------------+-----
Axes           | 2 3 4 |  4.2
Fighting       | |  3.2
Armour         | |  3.2
Shields        | |  3.2

Action                   |  1- 3 |  4- 6 || total
-------------------------+-------+-------++-------
Melee: War axe           |   123 |    32 ||   155
  Use: Scroll            |     4 |     1 ||     5
       Potion            |       |     1 ||     1
Armor: Scale mail        |    54 |    23 ||    77
Dodge: Dodged            |    46 |    17 ||    63
Block: Buckler           |    26 |     3 ||    29

Table legend:
 A = Non-vault XP
 B = Vault XP
 C = Vault XP percentage of total XP
 D = Non-vault monster count
 E = Vault monster count
 F = Vault count percentage of total count
                 A         B        C        D         E       F
            +---------+---------+-------+---------+---------+-------
      Total |     117 |      11 |   8.6 |      40 |       5 |  11.1
            +---------+---------+-------+---------+---------+-------
        D:1 |      34 |      11 |  24.4 |      14 |       5 |  26.3
        D:2 |      50 |       0 |   0.0 |      21 |       0 |   0.0
        D:3 |      33 |       0 |   0.0 |       5 |       0 |   0.0
            +---------+---------+-------+---------+---------+-------
